 Dungeon Crawl Stone Soup version 0.25.0-15-gac7dcb8919 (webtiles) character file.

Game seed: 4658402067378683246

126 kithyx the Caller (level 4, -10/37 HPs)
             Began as a Centaur Summoner on June 28, 2020.
             Killed by divine providence
             ... invoked by an orc priest
              (14 damage)
             ... on level 3 of the Dungeon.
             The game lasted 00:07:42 (2913 turns).

kithyx the Caller (Centaur Summoner)                Turns: 2913, Time: 00:07:43

Health: -10/37     AC:  6    Str: 11    XL:     4   Next: 84%
Magic:  6/6        EV: 14    Int: 15    God:
Gold:   72         SH:  0    Dex:  9    Spells: 2/6 levels left

rFire    . . .     SeeInvis .   e - +0 club
rCold    . . .     Gourm    .   (no shield)
rNeg     . . .     Faith    .   a - +0 robe
rPois    .         Spirit   .   b - +0 helmet
rElec    .         Reflect  .   (no cloak)
rCorr    .         Harm     .   s - +0 pair of gloves
MR       .....                  (no barding)
Stlth    +.........             (no amulet)
HPRegen  0.12/turn              i - +4 ring of evasion
MPRegen  0.10/turn              r - ring of wizardry

@: very quick
A: large, hooves 3, deformed body, speed 2, tough skin 3
a: no special abilities


You were on level 3 of the Dungeon.
You were not hungry.

You visited 1 branch of the dungeon, and saw 3 of its levels.

You collected 72 gold pieces.

Inventory:

Hand Weapons
 e - a +0 club (weapon)
Missiles
 h - 37 arrows
Armour
 a - a +0 robe (worn)
 b - a +0 helmet (worn)
 s - a +0 pair of gloves (worn)
Jewellery
 d - a +4 ring of evasion
 i - a +4 ring of evasion (left hand)
 r - a ring of wizardry (right hand)
Scrolls
 l - 2 scrolls of amnesia {unknown}
 m - 2 scrolls of fog {unknown}
 n - a scroll of magic mapping {unknown}
 o - a scroll of enchant weapon {unknown}
 q - a scroll of identify
 t - a scroll of enchant armour {unknown}
Potions
 g - a potion of cancellation {unknown}
 j - a potion of mutation {unknown}
 k - a potion of heal wounds {unknown}
 p - a potion of brilliance {unknown}
 u - a potion of curing {unknown}
Comestibles
 c - 4 rations
 f - a chunk of flesh


   Skills:
 * Level 2.5 Fighting
 - Level 0.1 Maces & Flails
 + Level 2.0 Dodging
 - Level 1.1 Stealth
 - Level 1.5 Spellcasting
 * Level 4.6 Summonings


You had 2 spell levels left.
You knew the following spells:

 Your Spells              Type           Power        Failure   Level  Hunger
a - Summon Small Mammal   Summ           ###.         1%          1    ##.....
b - Call Canine Familiar  Summ           ###.....     4%          3    ####...

Your spell library contained the following spells:

 Spells                   Type           Power        Failure   Level  Hunger
 Call Imp                 Summ           ###.....     2%          2    ###....
 Summon Guardian Golem    Hex/Summ       #.......     11%         3    ####...
 Summon Ice Beast         Ice/Summ       #.......     32%         4    #####..
 Summon Lightning Spire   Summ/Air       #.......     32%         4    #####..


Dungeon Overview and Level Annotations

Branches:
Dungeon (3/15)

Altars:
Elyvilon


Innate Abilities, Weirdness & Mutations

You have hooves in place of feet.
Armour fits poorly on your strangely shaped body.
You cover ground very quickly.
You have extremely tough skin. (AC +3)


Message History

The orc hits you.
You closely miss the orc.
The orc is lightly wounded.
The orc hits you.
An orc priest comes into view. It is wielding a +0 short sword.
The orc priest moves out of view.
You hit the orc.
The orc is heavily wounded.
The orc hits you with a +0 flail!
You hit the orc.
You kill the orc!
You barely miss the orc. You kick the orc.
The orc is almost dead.
The orc priest mumbles some strange prayers to Beogh against you.
Beogh smites you!
* * * LOW HITPOINT WARNING * * *
The orc barely misses you.
The orc priest mumbles some strange prayers to Beogh against you.
Beogh smites you!
You die...

#.# #.# ##.## ... #.#
###.#######
#######.........#
#o.oo@..)...###.######
#.#####..#..# #...[...
....###.###....###
###.## ##.......... #.
#........#.# #+
#....##.##.#
##...#####.# ##... #.#
#.. #.#


You could see an orc priest and 2 orcs.

Vanquished Creatures
  An orc wizard (D:2)
  A worker ant (D:2)
  An adder (D:2)
  A worm (D:2)
  2 leopard geckos
  3 orcs
  7 giant cockroaches
  4 hobgoblins
  3 jackals
  2 quokkas (D:2)
  8 bats
  2 frilled lizards (D:1)
  2 goblins (D:1)
  5 kobolds
  7 rats
49 creatures vanquished.

Vanquished Creatures (collateral kills)
  An adder (D:2)
  An ooze (D:2)
  An orc (D:2)
  2 giant cockroaches (D:1)
  4 goblins
  2 hobgoblins (D:2)
  2 jackals (D:2)
  2 ball pythons (D:2)
  2 bats
  2 kobolds (D:2)
  2 rats (D:1)
21 creatures vanquished.

Vanquished Creatures (others)
  A jackal (D:2)
  A quokka (D:2)
2 creatures vanquished.

Grand Total: 72 creatures vanquished

Notes
Turn   | Place    | Note
-------+----------+-------------------------------------------
     0 | D:1      | kithyx the Centaur Summoner began the quest for the Orb.
     0 | D:1      | Reached XP level 1. HP: 14/14 MP: 3/3
   570 | D:1      | Reached XP level 2. HP: 17/22 MP: 2/4
   732 | D:1      | Reached skill level 4 in Summonings
   955 | D:1      | Reached skill level 1 in Fighting
  1057 | D:1      | Reached XP level 3. HP: 28/28 MP: 5/5
  1531 | D:2      | Learned a level 3 spell: Call Canine Familiar
  2043 | D:2      | Reached XP level 4. HP: 35/36 MP: 2/6
  2257 | D:2      | Found a white marble altar of Elyvilon.
  2913 | D:3      | Killed from afar by an orc priest

Illustrated notes

Levels and vault maps discovered:
D:1:      heliophobic_arrival_dark_side_of_the_moon, layout_loops_corners,
          st_stairs_10, minmay_pentomino_r4
D:2:      layout_loops_ring, elyvilon_altar_4, first_ration
D:3:      layout_loops_ring, old_standard_altar,
          gammafunk_temple_overflow_elements, led_xom_imps

Skill      XL: |  1  2  3  4 |
---------------+-------------+-----
Summonings     | 4 |  4.6
Fighting       | 1 2 |  2.5
Dodging        | 2 |  2.0
Maces & Flails | |  0.1
Stealth        | |  1.1
Spellcasting   | |  1.5

Action                   |  1- 3 |  4- 6 || total
-------------------------+-------+-------++-------
Melee: Unarmed           |    20 |       ||    20
       Kick              |    31 |    10 ||    41
       Club              |   177 |    58 ||   235
 Cast: Summon Small Mamm |    16 |       ||    16
       Call Canine Famil |     4 |     5 ||     9
  Use: Scroll            |       |     3 ||     3
 Stab: Distracted        |     1 |       ||     1
  Eat: Chunk             |     4 |     3 ||     7
Armor: Robe              |   100 |    24 ||   124
Dodge: Dodged            |   131 |    36 ||   167
